AoeStats
← rkdestroyer

Four Lakes

509347139Analyzed
1v1 RM · 6d ago on Sep 26, 2026· 64m 3s· 2 players
Game mode
Random Map
Map size
Tiny (2 player)
Population
200
Speed
Normal
Resources
Standard
Victory
Conquest
Starting age
Dark Age
Ending age
Imperial Age
RankedLock teamsTeams togetherTeam positionsShared explorationLock speedFull tech treeHidden civsTurbo modeCheats
Victory
Defeat
🇦🇷 Lithuanians · Argentina
523
+15
🇨🇦 Khmer · Canada
491
-15
Ballistic
9:30 Loom
12:13 Feudal Age
12:40 Double-Bit Axe
12:37 Horse Collar
12:29 Man-at-Arms
14:55 Arson
17:23 Forging
17:44 Scale Mail Armor
19:02 Scale Barding Armor
21:01 Gold Mining
21:02 Stone Mining
21:55 Fletching
23:20 Padded Archer Armor
24:33 Town Watch
25:25 Wheelbarrow
28:02 Castle Age
26:26 Bloodlines
29:14 Bow Saw
29:06 Heavy Plow
28:47 Long Swordsman
28:50 Pikeman
30:18 Iron Casting
33:42 Town Watch
34:33 Wheelbarrow
38:11 Imperial Age
36:23 Town Patrol
36:55 Leather Archer Armor
38:00 Hand Cart
39:26 Gold Shaft Mining
39:27 Stone Shaft Mining
40:27 Ballistics
39:33 Capped Ram
42:38 Husbandry
41:59 Cavalier
44:44 Chain Mail Armor
44:31 Bodkin Arrow
45:42 Blast Furnace
rkdestroyer
2:16 Loom
12:54 Feudal Age
15:44 Double-Bit Axe
18:42 Castle Age
17:09 Fletching
24:55 Bodkin Arrow
35:39 Gold Mining
38:36 Imperial Age
36:44 Wheelbarrow
35:55 Town Watch
37:47 Hand Cart
37:40 Scale Mail Armor
37:46 Scale Barding Armor
38:00 Bow Saw
39:36 Murder Holes
40:17 Squires
39:38 Pikeman
40:42 Chain Barding Armor
40:24 Padded Archer Armor
41:11 Elite Leitis
41:57 Stone Mining
42:29 Hill Forts
42:56 Conscription
44:14 Tower Shields
44:48 Elite Skirmisher
45:34 Thumb Ring
47:56 Leather Archer Armor
51:12 Chemistry
52:44 Crossbowman
53:48 Halberdier
53:54 Man-at-Arms
55:53 Plate Barding Armor
55:34 Chain Mail Armor
55:29 Forging
55:20 Bracer
55:51 Ring Archer Armor
56:20 Horse Collar
60:40 Two-Man Saw
60:44 Town Patrol
61:21 Hoardings
60:09 Spies/Treason
61:02 Fortified Wall
61:32 Iron Casting
61:39 Heavy Cavalry Archer
63:53 Stone Shaft Mining
63:35 Fervor
63:43 Masonry
63:14 Treadmill Crane
63:26 Heated Shot
63:58 Bombard Tower
63:29 Guard Tower
63:11 Long Swordsman
63:38 Arson
Connection lost

Rejoining the realm…

Still unreachable

The connection could not be restored.

Session expired

The server has moved on; the page needs a fresh start.